Celery, neutral female gnomish Wizard --------------- |..............#####%#########**###########*### ------------ |.............| --##--#---- *########...........| |.............| |...<.....-## |.......>..| |.............| |.........| # %-..........| |.............| ---------.- ### ###-------.---- -----|-##--|--- ## # # # #### ## ' ###--------### # # # #fG #.......|# ### ## ######* # |.......# # -.--------# ### |......| ----|-- |........|# # |......| |.....| |........|# # |......| |<...)| |........|# # |......| ##-.....| |.........########### % -------- # ------- |........| # ----.----|------ ### -.-------- ##...............| # # |.........^.....################0 ---------------- Celery the Thaumaturge Experience level: 7 Strength: 11 Dexterity: 13 Constitution: 15 Intelligence: 19 Wisdom: 10 Charisma: 13 Health: 0(40) Energy: 4(65) AC: 5 Gold: 813 Moves: 3622 Your Inventory: Coins $ - 813 gold pieces Weapons a - a blessed +1 quarterstaff (weapon in hands) Armor b - an uncursed +0 cloak of magic resistance (being worn) E - an [uncursed] +0 iron skull cap [orcish helm] (being worn) H - an [uncursed +0] mummy wrapping Comestibles q - 3 [uncursed] food rations Scrolls i - an uncursed scroll of identify j - an uncursed scroll of remove curse k - 2 uncursed scrolls of enchant weapon p - 3 uncursed scrolls of enchant armor w - a cursed scroll of food detection F - a blessed scroll of magic mapping I - a cursed scroll of enchant armor J - a blessed scroll of light W - a [cursed] scroll of magic mapping Y - a [blessed] scroll labeled MAPIRO MAHAMA DIROMAT [of create monster] Spellbooks l - a blessed spellbook of force bolt m - an uncursed spellbook of detect monsters r - a [blessed] spellbook of slow monster y - an [uncursed] orange spellbook [of dig] Q - an [uncursed] spellbook of create monster Potions g - an uncursed potion of extra healing h - an uncursed potion of speed s - a [blessed] indigo potion [of levitation] B - 2 [uncursed] clear potions [of water] U - a [cursed] gooey potion [of enlightenment] Rings d - an uncursed +4 ring of increase accuracy (on left hand) e - an uncursed +3 ring of protection (on right hand) v - an [uncursed] ring of stealth Wands c - an uncursed wand of speed monster (0:2) G - an [uncursed] ceramic wand [of nothing (0:7)] R - an [uncursed] brass wand [of undead turning (0:7)] Tools n - an uncursed magic marker (0:25) P - an [uncursed] key [skeleton key] Gems z - an [uncursed] violet gem [worthless glass] Spells known in the end: Name Level Category Fail Memory a - force bolt 1 attack 0% [|||||||.] b - detect monsters 1 divination 0% [|||||||.] c - slow monster 2 enchantment 0% [||||||||] d - create monster 2 clerical 54% [||||||||] Your skills at the end: Fighting Skills Weapon Skills quarterstaff [Basic / Expert] Spellcasting Skills attack spells [Skilled / Expert] enchantment spells [Basic / Skilled] Final Attributes: You were piously aligned. Hunger level was 1191. Your alignment was 28 / 28. Monster difficulty range was 1 - 7. Level difficulty was 7. You were magic-protected. You were telepathic. You had infravision. You were held by a rope golem. You had a +4 bonus to hit. You were protected. You were fast. Your luck was zero. You are dead. Vanquished creatures: a giant beetle an owlbear a dog 2 dust vortices a water nymph a mountain nymph a rock piercer a pony a shrieker a kobold mummy an elf zombie 2 giant ants a floating eye a kitten a homunculus a kobold lord 9 hill orcs 2 rothes 2 giant bats 4 iguanas a large kobold 3 giant rats 3 cave spiders 2 yellow molds 4 gnome zombies 5 jackals a fox 6 goblins 4 sewer rats a grid bug 2 lichens a kobold zombie 10 newts 78 creatures vanquished. Voluntary challenges: You were an atheist. You used a wielded weapon 59 times. You read items or engraved 10 times. You put on armor 4 times. You never genocided any monsters. You never polymorphed an object. You never changed form. You used no wishes. You never wrote Elbereth's name. You never encountered a bones level. You never used any Sokoban shortcuts. Dungeon overview: The Dungeons of Doom: levels 1 to 7 Level 1 a long staircase Level 2 some fountains Level 3 a delicatessen Level 4 some fountains a long staircase Level 6 many fountains Level 7 <- You were here a long staircase History has recorded: On T:1 you entered the Dungeons of Doom to retrieve the Amulet of Yendor! On T:311 you reached level 2 of The Dungeons of Doom. On T:429 you advanced to experience level 2. On T:544 you advanced to experience level 3. On T:787 you reached level 3 of The Dungeons of Doom. On T:875 you advanced to experience level 4. On T:1278 you reached level 4 of The Dungeons of Doom. On T:1348 you advanced to experience level 5. On T:1685 you reached level 5 of The Dungeons of Doom. On T:1824 you advanced to experience level 6. On T:2213 you reached level 6 of The Dungeons of Doom. On T:2237 you advanced to experience level 7. On T:2994 you reached level 7 of The Dungeons of Doom. Latest messages: The rope golem misses the housecat. (2x) [HP+1=26] You wear an uncursed +4 ring of increase accuracy (on left hand). The rope golem hits! (2x) You are being choked. The housecat bites the rope golem. [HP-13=13] You wear an uncursed +3 ring of protection (on right hand). The housecat misses the rope golem. Never mind. The potion of paralysis misses the rope golem. An uncursed potion of paralysis shatters! You smell a peculiar odor... Something seems to be holding you. The rope golem hits! (2x) You are being choked. The housecat misses the rope golem. [HP-11=2] The rope golem hits! You die... Final status: Goodbye Celery the Wizard... You died in The Dungeons of Doom on dungeon level 7 with 4077 points, and 813 pieces of gold, after 3622 moves. You were level 7 with a maximum of 40 hit points when you died.